 Dungeon Crawl Stone Soup version 0.29-a0-319-gad05b8d819 (webtiles) character file.

Game seed: 3563964961036674426

161 mdonais the Skirmisher (level 5, -7/51 HPs)
             Began as a Mayflytaur Chaos Knight on Apr 2, 2022.
             Was a Plaything of Xom.
             Mangled by Menkaure (16 damage)
             ... on level 4 of the Dungeon.
             The game lasted 00:07:16 (1132 turns).

mdonais the Skirmisher (Mayflytaur Chaos Knight)    Turns: 1132, Time: 00:07:16

Health: -7/51      AC:  7    Str: 16    XL:     5   Next: 42%
Magic:  6/6        EV: 12    Int: 13    God:    Xom [..*...]
Gold:   144        SH:  0    Dex: 13    Spells: 4/4 levels left

rFire   . . .      SeeInvis .   a - +0 hand axe (chaos)
rCold   . . .      Faith    .   (no shield)
rNeg    . . .      Spirit   .   b - +2 leather armour
rPois   .          Reflect  .   p - +0 helmet
rElec   .          Harm     .   d - +0 cloak {Will+}
rCorr   .          Rampage  .   (no gloves)
Will    +....                   (no boots)
Stlth   +.........              r - amulet of regeneration
HPRegen 0.97/turn               (no ring)
MPRegen 0.10/turn               (no ring)

@: flying, invisible
A: damage resistance, big wings, sense surroundings 1, short lifespan
a: Renounce Religion


You were on level 4 of the Dungeon.
You worshipped Xom.
You were a toy of Xom.
You visited 1 branch of the dungeon, and saw 4 of its levels.

You collected 144 gold pieces.

Inventory:

Hand Weapons
 a - a +0 hand axe of chaos (weapon)
Missiles
 e - 25 stones
 f - 2 poisoned darts
 t - a boomerang
Armour
 b - a +2 leather armour (worn)
 d - a +0 cloak of willpower (worn)
   (You found it on level 1 of the Dungeon)
 p - a +0 helmet (worn)
   (You found it on level 2 of the Dungeon)
 u - a +1 leather armour of poison resistance
   (You found it on level 4 of the Dungeon)
Jewellery
 r - an amulet of regeneration (around neck)
   (You found it on level 3 of the Dungeon)
Scrolls
 j - a scroll of amnesia {unknown}
 m - a scroll of teleportation {unknown}
 o - a scroll of vulnerability {unknown}
 s - 2 scrolls of noise {unknown}
 R - 2 scrolls of identify
Potions
 h - 2 potions of mutation
 k - a potion of cancellation {unknown}
 l - a potion of flight
 n - a potion of attraction {unknown}
 q - a potion of berserk rage {unknown}
 v - a potion of brilliance {unknown}
Miscellaneous
 c - a piece from Xom's chessboard (15/15) (quivered)


   Skills:
 + Level 4.4 Fighting
 + Level 4.3 Axes
 + Level 3.4 Armour
 + Level 2.8 Dodging


You had 4 spell levels left.
You didn't know any spells.
Your spell library contained the following spells:

 Spells                   Type           Power      Damage    Failure   Level
 Magic Dart               Conj           0%         1d3       36%         1
 Blink                    Tloc           0%         N/A       50%         2
 Searing Ray              Conj           0%         2d4       50%         2
 Dazzling Flash           Conj/Hex       0%         N/A       73%         3
 Lesser Beckoning         Tloc           0%         N/A       73%         3
 Fulminant Prism          Conj/Hex       0%         3d6       98%         4
 Iskenderun's Mystic Bla  Conj/Tloc      0%         2d3       98%         4
 Manifold Assault         Tloc           0%         N/A       100%        5
 Starburst                Conj/Fire      0%         6d3       100%        6


Dungeon Overview and Level Annotations

Branches:
Dungeon (4/15)
 Temple: D:4-7

Altars:

Annotations:
D:4 Menkaure


Innate Abilities, Weirdness & Mutations

You are resistant to damage.
Your large and strong wings let you fly.
You passively map a small area around you.
You are easily found by Zot.


Message History

s - a scroll labelled QEIROIFUAL
g - 3 scrolls labelled NYQAAH ANYEWI (gained 1)
Found a scroll labelled NYQAAH ANYEWI.
g - 4 scrolls labelled NYQAAH ANYEWI (gained 1)
You reach down and open the door.
There is an open door here.
As you open the door, it creaks loudly!
There is an open door here.
There is an open door here.
There is an open door here.
An adder comes into view.
The adder hisses angrily.
The adder bites you.
You take 1 damage, and have 49/50 hp.
You completely miss the adder. The adder bites you.
You are poisoned.
The adder poisons you!
Health restored: 50 You closely miss the adder.
The adder bites you but does no damage. The adder barely misses you.
You closely miss the adder. The adder barely misses you.
You slash the adder! You burn the adder.
The adder is almost dead.
The adder misses you.
You slash the adder!
You kill the adder!
Health restored: 51 You see here an adder corpse.
You are no longer poisoned.
You see here an adder corpse.
(D) Dungeon
Where to? (? - help)
There is a stone staircase leading down here.
You fly downwards.
There is a stone staircase leading up here.
You reach down and open the door.
A dart slug comes into view.
There is an open door here.
A dart slug comes into view.
Found a dyed leather armour.
You hit the dart slug.
The dart slug is poisoned.
The dart slug is moderately wounded.
The dart slug bites you.
You take 1 damage, and have 50/51 hp.
You hit the dart slug.
You kill the dart slug!
Health restored: 51 "Let's try an experiment, hmmm?"
Your grey potion briefly glows.
You see here a dart slug corpse.
The dart slug launches a dart at you.
The slug dart hits you but does no damage.
An adder comes into view.
The adder hisses angrily.
The dart slug launches a dart at you. The slug dart hits you.
You emit a cloud of colourful smoke!
You take 3 damage, and have 48/51 hp.
You hit the dart slug.
The dart slug is heavily wounded.
The dart slug launches a dart at you. The slug dart misses you.
You hit the dart slug.
The dart slug goes berserk!
The dart slug is almost dead.
The dart slug bites you but does no damage.
You hit the dart slug.
You kill the dart slug!
Health restored: 51 The adder bites you.
The adder closely misses you.
You hit the adder.
The adder seems to grow stronger.
The adder is lightly wounded.
The adder closely misses you.
You barely miss the adder.
The adder is lightly wounded.
The adder barely misses you. The adder bites you but does no damage.
You barely miss the adder.
The adder is lightly wounded.
The adder closely misses you.
You miss the adder.
The adder is lightly wounded.
The adder bites you. x2
You take 3 damage, and have 48/51 hp.
You miss the adder.
The adder is lightly wounded.
The adder bites you but does no damage.
You hit the adder.
The adder is poisoned.
The adder is moderately wounded.
The adder barely misses you.
You hit the adder.
You kill the adder!
Health restored: 51 You see here an adder corpse.
You reach down and open the door.
You see here a +1 leather armour of poison resistance.
u - a +1 leather armour of poison resistance You reach down and open the door.
Found 5 gold pieces and a short sword.
You now have 144 gold pieces (gained 5).
A goblin comes into view. It is wielding a +0 dagger.
Found a scroll labelled QEIROIFUAL.
You slash the goblin!
You kill the goblin!
e - 25 stones (gained 7);
v - a pink potion
Things that are here:
a +0 dagger; a goblin corpse Menkaure, Prince of Dust comes into view.
Found 4 boomerangs.
Menkaure shouts!
Okay, then.
Menkaure points at you and mumbles some strange words.
Pain shoots through your body!
You see here a scroll labelled QEIROIFUAL.
You take 3 damage, and have 48/51 hp.
s - 2 scrolls labelled QEIROIFUAL (gained 1)
As you read the scroll labelled NYQAAH ANYEWI, it crumbles to dust.
It is a scroll of identify.
h - 2 potions of mutation;
R - 3 scrolls of identify
As you read the scroll of identify, it crumbles to dust.
k - a potion of flight;
l - a potion of flight;
k - a green potion Menkaure calls on the powers of darkness!
Your body is wracked with pain!
You take 21 damage, and have 29/51 hp.
MASSIVE DAMAGE!!
Menkaure casts a spell at you. Pain shoots through your body!
You take 5 damage, and have 24/51 hp.
You hit Menkaure but do no damage.
Menkaure calls on the powers of darkness!
Your body is wracked with pain!
* * * LOW HITPOINT WARNING * * *
You take 9 damage, and have 15/51 hp.
It was a potion of invisibility.
You fade into invisibility!
Menkaure gestures wildly while chanting.
Menkaure seems to speed up.
You hit Menkaure but do no damage. Lightning courses through Menkaure!
Menkaure is heavily damaged.
Menkaure barely misses you.
You hit Menkaure.
Menkaure is severely damaged.
Menkaure gestures at you while chanting.
You easily resist.
You hit Menkaure but do no damage.
Menkaure is severely damaged.
Menkaure hits you!
* * * LOW HITPOINT WARNING * * *
You take 10 damage, and have 8/51 hp.
You hit Menkaure.
Menkaure is almost destroyed.
Menkaure closely misses you. Menkaure hits you!!
You die...

, #######...#.......# ,
#....##...##......# ,, ,
#....#.....#......# ,,
######....'.....#.....)+,
....#.....#.....#......# *
....#.....#.....#......#
#..##..#########......### * *
##..##.[#.................. ,
........#.......@...........
........#.......M...........
##.###+##...................,
##.#> #######............
#..# , .. #.......#####*
#..#,....* ,,, .......(#
##'#..... * ,..########
......# *#. ......#


You could see Menkaure (fast).

Vanquished Creatures
  Jessica (D:2)
  An iguana (D:4)
  5 adders
  A worm (D:2)
  3 dart slugs
  5 orcs
  5 ball pythons
  7 endoplasms
  2 giant cockroaches
  4 goblins
  4 hobgoblins (D:1)
  3 jackals (D:3)
  2 quokkas
  A bat (D:1)
  3 kobolds
  A rat (D:3)
48 creatures vanquished.

Notes
Turn   | Place    | Note
-------+----------+-------------------------------------------
     0 | D:1      | mdonais the Mayflytaur Chaos Knight began the quest for the
                  | Orb.
     0 | D:1      | Reached XP level 1. HP: 21/21 MP: 2/2
    62 | D:1      | Reached XP level 2. HP: 28/28 MP: 3/3
    98 | D:1      | Glimpsed the power of Zot.
   318 | D:1      | XOM: enchant monster (good)
   321 | D:1      | XOM: divination: detect creatures
   405 | D:1      | Reached XP level 3. HP: 36/36 MP: 4/4
   450 | D:2      | You are sucked into a shaft and drop 2 floors!
   453 | D:4      | XOM: confuse monster(s)
   477 | D:4      | Reached XP level 4. HP: 34/44 MP: 5/5
   511 | D:4      | XOM: 1-stop teleportation journey
   708 | D:2      | Noticed Jessica
   718 | D:2      | Killed Jessica
   843 | D:3      | XOM: divination: detect items
   874 | D:3      | Reached XP level 5. HP: 50/50 MP: 6/6
  1069 | D:4      | XOM: silly message
  1072 | D:4      | XOM: smoke on damage
  1119 | D:4      | Noticed Menkaure
  1132 | D:4      | Mangled by Menkaure

Illustrated notes

Levels and vault maps discovered:
D:1:      dpeg_arrival_stonehenge_12_columns, layout_loops_ring,
          minmay_misc_feat_rows
D:2:      layout_basic, uniq_jessica
D:3:      layout_loops_ring, shapermc_ecumenical_altar_petra, serial_aquarium,
          aquarium_bridge_square [aquarium_subvault_bridge,
          aquarium_subvault_bridge, aquarium_subvault_balcony,
          aquarium_subvault_window], aquarium_bridge_square
          [aquarium_subvault_bridge, aquarium_subvault_window,
          aquarium_subvault_bridge, aquarium_subvault_bridge],
          aquarium_window_2, aquarium_window_fake, aquarium_view_2c,
          aquarium_pool_five, dk_noncrumbling_4, minmay_crystal_room,
          chequers_avenue
D:4:      dreamdust_elfheim, layout_gridville, trog_wizard, uniq_ijyb,
          uniq_menkaure

Skill      XL: |  1  2  3  4 |
---------------+-------------+-----
Dodging        | 2 |  2.8
Armour         | 3 |  3.4
Fighting       | 4 |  4.4
Axes           | 4 |  4.3

Action                   |  1- 3 |  4- 6 || total
-------------------------+-------+-------++-------
Melee: Hand axe          |    54 |    71 ||   125
  Use: Scroll            |       |     2 ||     2
       Potion            |       |     1 ||     1
 Stab: Confused          |     1 |       ||     1
       Sleeping          |       |     1 ||     1
Armor: Leather armour    |    20 |    21 ||    41
Dodge: Dodged            |    25 |    48 ||    73

Table legend: (Time is in decaauts)
 A = Elapsed time spent in this place.
 B = Non-inter-level travel time spent in this place.
 C = Inter-level travel time spent in this place.
 D = Time resting spent in this place.
 E = Time spent auto-exploring this place.
 F = Levels seen in this place.
 G = Mean time per level.
                   A        B        C        D        E       F      G
               +--------+--------+--------+--------+--------+-----+--------+
         Total |   1146 |   1116 |     30 |      0 |      0 |   4 |  286.5 |
       Dungeon |   1146 |   1116 |     30 |      0 |      0 |   4 |  286.5 |
               +--------+--------+--------+--------+--------+-----+--------+

Top non-repeatable levels by time:
     D:1: 418 daAuts
     D:3: 365 daAuts
     D:2: 214 daAuts
     D:4: 148 daAuts
